 Dungeon Crawl Stone Soup version 0.18.1-48-g4cf74bf (webtiles) character file.

11343 Peloso the Blocker (level 11, -2/99 HPs)
             Began as a Minotaur Fighter on Aug 15, 2016.
             Was a High Priest of Okawaru.
             Slain by a troll (9 damage)
             ... on level 11 of the Dungeon.
             The game lasted 00:32:17 (10079 turns).

Peloso the Blocker (Minotaur Fighter)              Turns: 10079, Time: 00:32:18

Health: -2/99      AC: 24    Str: 21    XL:     11   Next: 48%
Magic:  10/10      EV:  9    Int:  5    God:    Okawaru [*****.]
Gold:   555        SH: 13    Dex: 13    Spells: 0 memorised, 10 levels left

rFire  . . .     SeeInvis .     V - +2 falchion (protect)
rCold  . . .     Gourm    .     L - +0 plate armour
rNeg   . . .     Faith    .     c - +0 shield
rPois  .         Spirit   .     (helmet restricted)
rElec  .         Dismiss  .     t - +2 cloak
rCorr  +         Reflect  .     (no gloves)
SustAt .         Harm     .     B - +0 pair of boots
MR     .....                    (no amulet)
Stlth  ..........               (no ring)
                                e - ring of resist corrosion

@: not resistant to hostile enchantments, extremely unstealthy
A: retaliatory headbutt, horns 2
a: Heroism, Finesse, Renounce Religion


You were on level 11 of the Dungeon.
You worshipped Okawaru.
Okawaru was extremely pleased with you.
You were not hungry.

You visited 3 branches of the dungeon, and saw 14 of its levels.

You collected 688 gold pieces.
You spent 133 gold pieces at shops.

Inventory:

Hand Weapons
 a - a +1 long sword
 d - a +1 dagger of venom
 p - a +0 dagger of speed
 u - a +0 mace
 E - the +5 bardiche of Kosilara {speed, Int+5 Dex+3}
   (You found it on level 5 of the Dungeon)

   Attacks with this weapon are significantly faster.
   It affects your intelligence (+5).
   It affects your dexterity (+3).
 H - a +0 scimitar of slicing
 V - a +2 falchion of protection (weapon)
 W - a +4 flail
Armour
 c - a +0 shield (worn)
 t - a +2 cloak (worn)
 y - a +1 chain mail
 B - a +0 pair of boots (worn)
 L - a +0 plate armour (worn)
Jewellery
 e - a ring of resist corrosion (left hand)
 K - an uncursed ring of protection from magic {unknown}
Wands
 o - a wand of flame (28/48)
 s - a wand of random effects (17/48)
 w - a wand of digging (23/24)
 x - a wand of digging (11/24)
 T - a wand of disintegration (16/24)
 X - a wand of random effects (26/48)
Scrolls
 b - 4 scrolls of identify
 k - a scroll of recharging
 F - a scroll of amnesia {unknown}
 J - 3 scrolls of enchant armour
 M - a scroll of magic mapping
 N - a scroll of silence {unknown}
 P - 2 scrolls of teleportation
 S - a scroll of blinking {unknown}
 U - a scroll of summoning {unknown}
Potions
 g - 3 potions of haste
 h - 8 potions of curing
 i - 2 potions of invisibility
 m - 2 potions of brilliance
 n - 5 potions of heal wounds
 q - a potion of mutation {unknown}
 r - 2 potions of flight {unknown}
 z - 3 potions of lignification {unknown}
 A - a potion of cancellation {unknown}
 D - a potion of might
 G - a potion of degeneration {unknown}
 I - a potion of berserk rage {unknown}
 Z - a potion of cure mutation {unknown}
Books
 R - a book of Annihilations

   Spells                             Type                      Level
   a - Poison Arrow                   Conjuration/Poison           6
   b - Chain Lightning                Conjuration/Air              8
   c - Lehudib's Crystal Spear        Conjuration/Earth            8
   d - Glaciate                       Conjuration/Ice              9
   e - Fire Storm                     Conjuration/Fire             9
Comestibles
 f - 10 bread rations
 j - 10 meat rations
 l - 3 chunks of flesh
 v - a slice of pizza
 C - a beef jerky
 O - 8 fruits
 Q - a royal jelly


   Skills:
 + Level 10.1 Fighting
 + Level 10.5 Long Blades
 + Level 10.3 Armour
 + Level 6.2 Dodging
 + Level 0.5 Stealth
 + Level 12.2 Shields
 + Level 1.2 Invocations


You had 10 spell levels left.
You didn't know any spells.

Dungeon Overview and Level Annotations

Branches:
Dungeon (11/15)            Temple (1/1) D:5            Lair (2/8) D:10
    Orc: D:9-12

Altars:
Ashenzari
Dithmenos
Elyvilon
Gozag
Kikubaaqudgha
Nemelex Xobeh
Okawaru
Pakellas
Qazlal
Ru
Sif Muna
Trog
Vehumet
Xom
Zin
The Shining One

Shops:
D:5 =   D:7 !   D:11 (


Innate Abilities, Weirdness & Mutations

You reflexively headbutt those who attack you in melee.
You have a pair of horns on your head.


Message History

The electric eel shoots out a bolt of lightning at you!
The bolt of electricity hits you!
* * * LOW HITPOINT WARNING * * *
You hear the quick crackling of a distant melting archway.
The electric eel shoots out a bolt of lightning at you!
The bolt of electricity hits you!
* * * LOW HITPOINT WARNING * * *
An electric eel is nearby!
Found a metallic ruby potion.
A troll comes into view.
The troll shouts! 2 yaks come into view.
The yak bellows!
A yak comes into view.
You block the troll's attack. The troll claws you!
* * * LOW HITPOINT WARNING * * *
You block the troll's attack.
You completely miss the troll. You block the troll's attack.
The troll claws you!
You die...

#...........P.≈P
#.∩...........#
#.............#
#########.............#####
...........<...............
...........................
##########..########.######
#..# #.# #@.# #.#
########T.# #.######
..........########.....Y.
.....................Y...
.....................†...
##............##########.
#............# ########.
#.Y..!..........>.......


YY....................... You could see a yak and a troll.

Vanquished Creatures
  An unseen horror (D:10)
  A hill giant (D:10)
  A cyclops (D:11)
  A gargoyle (D:11)
  The ghost of ayyllmao the Shield-Bearer, a novice GrFi (D:6)
  2 trolls (D:9)
  Prince Ribbit (D:6)
  A spriggan (D:8)
  Sigmund (D:6)
  12 yaks
  The ghost of Peloso the Covered, an amateur MiFi (D:4)
  A hungry ghost (D:9)
  Eustachio (D:6)
  3 hippogriffs
  Edmund (D:4)
  A water moccasin (D:7)
  A black bear (D:6)
  3 ice beasts
  4 orc warriors
  2 phantoms
  5 ogres
  A sky beast (D:5)
  2 necrophages (D:7)
  6 centaurs
  5 crocodiles
  Blork the orc (D:4)
  11 giant frogs
  A gnoll sergeant (D:6)
  2 scorpions
  6 crimson imps
  A centaur zombie (D:6)
  2 giant frog zombies
  A giant frog skeleton (D:8)
  3 jellies
  A centaur skeleton (D:9)
  3 hounds
  9 orc priests
  Crazy Yiuf (D:2)
  17 orc wizards
  Ijyb (D:3)
  Natasha (thrice) (D:2)
  Terence (D:3)
  6 iguanas
  5 worker ants
  2 sheep (D:11)
  2 hound skeletons
  A worker ant zombie (D:9)
  Robin (D:3)
  8 gnolls (D:6)
  18 adders
  12 river rats
  A shadow imp (D:5)
  2 oozes
  2 adder zombies
  3 worms (D:3)
  A dart slug (D:2)
  8 giant geckos
  42 orcs
  A ball python (D:7)
  4 giant cockroaches
  10 goblins
  12 hobgoblins
  6 jackals
  3 quokkas
  15 bats
  2 giant gecko skeletons
  6 giant newts
  7 kobolds
  A quokka zombie (D:5)
  13 rats
  A fungus (D:2)
  2 plants (D:10)
320 creatures vanquished.

Vanquished Creatures (others)
  An orc wizard (D:8)
  A fungus (D:10)
  2 plants
4 creatures vanquished.

Grand Total: 324 creatures vanquished

Notes
Turn   | Place    | Note
--------------------------------------------------------------
     0 | D:1      | Peloso the Minotaur Fighter began the quest for the Orb.
     0 | D:1      | Reached XP level 1. HP: 19/19 MP: 0/0
   266 | D:1      | Reached XP level 2. HP: 27/27 MP: 1/1
   422 | D:1      | Reached skill level 4 in Shields
   669 | D:2      | Reached XP level 3. HP: 33/33 MP: 2/2
   765 | D:2      | Found a shattered altar of Ashenzari.
   904 | D:2      | Found an opulent altar of Gozag.
   938 | D:2      | Reached skill level 1 in Dodging
  1021 | D:2      | Reached XP level 4. HP: 39/40 MP: 3/3
  1299 | D:2      | Found a glowing silver altar of Zin.
  1432 | D:2      | Noticed Natasha
  1443 | D:2      | Killed Natasha
  1493 | D:2      | Noticed Crazy Yiuf
  1505 | D:2      | Killed Crazy Yiuf
  1505 | D:2      | Reached XP level 5. HP: 17/47 MP: 4/4
  1823 | D:2      | Noticed Natasha
  1830 | D:2      | Killed Natasha
  1864 | D:2      | Noticed Natasha
  1871 | D:2      | Killed Natasha
  1885 | D:3      | Found a shadowy altar of Dithmenos.
  1886 | D:3      | Noticed Ijyb
  1912 | D:3      | Killed Ijyb
  1912 | D:3      | Reached skill level 5 in Shields
  1928 | D:3      | Found a faded altar to an unknown god.
  1958 | D:3      | Noticed Robin
  1968 | D:3      | Killed Robin
  2028 | D:3      | Reached skill level 5 in Armour
  2034 | D:3      | Noticed Terence
  2042 | D:3      | Reached XP level 6. HP: 43/55 MP: 5/5
  2052 | D:3      | Killed Terence
  2214 | D:3      | Found a bloodstained altar of Trog.
  2220 | D:3      | Found a white marble altar of Elyvilon.
  2220 | D:3      | Found an oddly glowing altar of Pakellas.
  2223 | D:3      | Found a deep blue altar of Sif Muna.
  2550 | D:4      | Noticed Blork the orc
  2564 | D:4      | Killed Blork the orc
  2564 | D:4      | Reached skill level 5 in Fighting
  2696 | D:4      | Noticed Peloso's ghost (amateur MiFi)
  2702 | D:4      | Killed Peloso's ghost
  2702 | D:4      | Reached XP level 7. HP: 61/61 MP: 6/6
  2835 | D:4      | Reached skill level 5 in Long Blades
  2835 | D:4      | Reached skill level 6 in Shields
  2905 | D:4      | Noticed Edmund
  2920 | D:4      | Killed Edmund
  3097 | D:5      | Entered Level 5 of the Dungeon
  3101 | D:5      | Reached XP level 8. HP: 70/70 MP: 7/7
  3458 | D:5      | Found Kuaheun's Jewellery Emporium.
  3501 | D:5      | Reached skill level 7 in Shields
  3617 | D:5      | Got a bloodstained bardiche
  3624 | D:5      | Identified the +5 bardiche of Kosilara {speed, Int+5 Dex+3} (You found it on level 5 of the Dungeon)
  3891 | D:5      | Found a staircase to the Ecumenical Temple.
  3900 | Temple   | Entered the Ecumenical Temple
  3915 | Temple   | Became a worshipper of Warmaster Okawaru
  4069 | D:6      | Reached skill level 5 in Dodging
  4102 | D:6      | Noticed ayyllmao's ghost (novice GrFi)
  4126 | D:6      | Killed ayyllmao's ghost
  4126 | D:6      | Reached XP level 9. HP: 33/78 MP: 8/8
  4433 | D:6      | Reached skill level 8 in Shields
  4477 | D:6      | Found a glowing golden altar of the Shining One.
  4546 | D:6      | Noticed Prince Ribbit
  4576 | D:6      | Killed Prince Ribbit
  4626 | D:6      | Noticed Sigmund
  4643 | D:6      | Killed Sigmund
  4643 | D:6      | Reached * piety under Okawaru
  4669 | D:6      | Found a sacrificial altar of Ru.
  4673 | D:6      | Noticed Eustachio
  4727 | D:6      | Killed Eustachio
  4876 | D:6      | Found a shimmering altar of Xom.
  4985 | D:6      | Reached skill level 9 in Shields
  5335 | D:6      | Reached ** piety under Okawaru
  5463 | D:6      | Found a radiant altar of Vehumet.
  5761 | D:7      | Found a sacrificial altar of Ru.
  6222 | D:7      | Reached XP level 10. HP: 74/88 MP: 9/9
  6378 | D:7      | Found Fonkecog's Distillery.
  6873 | D:8      | Reached skill level 10 in Shields
  7379 | D:9      | Reached *** piety under Okawaru
  7468 | D:9      | Found an ancient bone altar of Kikubaaqudgha.
  7955 | D:10     | Entered Level 10 of the Dungeon
  8117 | D:10     | Noticed a hill giant
  8127 | D:10     | Killed a hill giant
  8621 | D:10     | Reached skill level 11 in Shields
  8669 | D:10     | Found a staircase to the Lair.
  8792 | D:10     | Killed an unseen horror
  8792 | D:10     | Reached **** piety under Okawaru
  8792 | D:10     | Reached skill level 1 in Invocations
  8968 | Lair:1   | Entered Level 1 of the Lair of Beasts
  9027 | Lair:1   | Reached XP level 11. HP: 96/96 MP: 10/10
  9280 | Lair:1   | You fall through a shaft!
  9350 | Lair:1   | Reached skill level 10 in Long Blades
  9450 | Lair:1   | Noticed a seven-headed hydra
  9621 | D:11     | Found Desouw's Antique Weapon Shop.
  9625 | D:11     | Bought a glowing long sword for 133 gold pieces
  9738 | D:11     | Reached skill level 10 in Armour
  9833 | D:11     | Reached ***** piety under Okawaru
  9987 | D:11     | Reached skill level 12 in Shields
 10020 | D:11     | Reached skill level 10 in Fighting
 10061 | D:11     | Noticed a green ugly thing
 10079 | D:11     | Slain by a troll

Skill      XL: |  1  2  3  4  5  6  7  8  9 10 11 |
---------------+----------------------------------+-----
Shields        | 4 5 6 7 9 11 12 | 12.2
Armour         | 4 5 6 7 8 9 10 | 10.3
Fighting       | 4 5 6 7 9 10 | 10.1
Dodging        | 1 2 3 5 6 |  6.2
Long Blades    | 3 4 5 6 8 9 10 | 10.5
Invocations    | 1 |  1.2
Stealth        | |  0.5

Action                   |  1- 3 |  4- 6 |  7- 9 | 10-12 || total
-------------------------+-------+-------+-------+-------++-------
Melee: Long sword        |   113 |   162 |   441 |    77 ||   793
       Headbutt          |    10 |    27 |   100 |   147 ||   284
       Falchion          |       |       |       |   395 ||   395
       Scimitar          |       |       |       |   104 ||   104
Invok: Heroism           |       |       |     1 |     7 ||     8
  Use: Scroll            |     4 |     6 |     5 |     3 ||    18
       Potion            |       |     2 |       |     1 ||     3
  Eat: Chunk             |     1 |     5 |    12 |    15 ||    33
Armor: Scale mail        |    54 |    40 |       |       ||    94
       Chain mail        |       |    16 |   152 |       ||   168
       Plate armour      |       |       |    10 |   283 ||   293
Dodge: Dodged            |    39 |    39 |   145 |   156 ||   379
Block: Shield            |    59 |    77 |   249 |   425 ||   810
